 Dungeon Sprint DCSS version 0.30.1-11-g7821555f0a (webtiles) character file.

Game seed: 10114131863143050654

21308 Heoruswealwe the Phalangite (level 12, -2/132 HPs)
             Began as a Minotaur Fighter on Nov 7, 2023.
             Was an Initiate of Gozag.
             Hit by a large rock thrown by a stone giant (36 damage)
             ... in the Dungeon (Sprint IX: "|||||||||||||||||||||||||||||").
             The game lasted 00:21:21 (2598 turns).

Heoruswealwe the Phalangite (Minotaur Fighter)      Turns: 2598, Time: 00:21:22

Health: -2/132     AC: 28    Str: 33    XL:     12   Next: 53%
Magic:  11/11      EV:  9    Int:  5    God:    Gozag
Gold:   1014       SH:  5    Dex:  9    Spells: 11/11 levels left

rFire   . . .        b - +5 bardiche
rCold   . . .        (shield currently unavailable)
rNeg    . . .        c - +0 shadow dragon scales
rPois   .            (helmet restricted)
rElec   .            h - +1 cloak
rCorr   .            f - +1 pair of gloves
SInv    .            e - +0 pair of boots
Will    .....        i - amulet of reflection
Stlth   ++           k - +3 ring of strength
HPRegen 0.42/turn    j - +3 ring of strength
MPRegen 0.12/turn

%: no teleportation, reflection
@: gold aura
A: horns 2, retaliatory headbutt
a: Renounce Religion, Potion Petition, Call Merchant, Bribe Branch


You were in the Dungeon.
You worshipped Gozag.
Gozag was most pleased with you.
You visited 1 branch You collected 8470 gold pieces.
You spent 5317 gold pieces at shops.
You paid 2139 gold pieces to Gozag.

Inventory:

Hand Weapons
 a - a +0 trident
 b - a +5 bardiche (weapon)
 B - the +16 obsidian axe {drain, demonic, Mesm Drain Fly SInv}
   (You bought it in a shop in the Dungeon)

   Mesm:      Its wielder is mesmerised by any visible foes, and it cannot be
   unequipped while any foes are visible.
   SInv:      It lets you see invisible.
   Fly:       It grants you flight.
   Drain:     It drains your maximum health when unequipped.
Armour
 c - +0 shadow dragon scales (worn)
 d - a +0 buckler
 e - a +0 pair of boots (worn)
 f - a +1 pair of gloves (worn)
 h - a +1 cloak (worn)
Jewellery
 i - an amulet of reflection (around neck)
 j - a +3 ring of strength (right hand)
 k - a +3 ring of strength (left hand)
 o - a ring of protection from fire
 w - a ring of poison resistance
Wands
 l - a wand of acid (10)
Scrolls
 n - 3 scrolls of blinking
 p - 4 scrolls of enchant armour
 q - 3 scrolls of identify
Potions
 g - 3 potions of haste
 m - 2 potions of might
 r - 5 potions of heal wounds
 s - 8 potions of curing
 v - 2 potions of berserk rage
Miscellaneous
 t - a piece from Xom's chessboard (15/15)
 u - a phantom mirror


   Skills:
 + Level 19.8 Fighting
 * Level 26.5 Polearms
 + Level 19.8 Armour
 - Level 3.6 Shields


You had 11 spell levels left.
You didn't know any spells.
Your spell library was empty.

Dungeon Overview and Level Annotations

Branches:
Dungeon (1/1)

Altars:
Cheibriados
Dithmenos
Elyvilon
Fedhas
Gozag
Hepliaklqana
Kikubaaqudgha
Makhleb
Nemelex Xobeh
Okawaru
Qazlal
Ru
Sif Muna
Trog
Uskayaw
Vehumet
Wu Jian
Xom
Yredelemnul
Zin
The Shining One
Jiyva
Lugonu

Shops:
D *(*(*(*


Innate Abilities, Weirdness & Mutations

You have a pair of horns on your head.
You reflexively headbutt those who attack you in melee.


Message History

The stone giant is no longer distracted by gold.
The ice dragon is distracted by your dazzling golden aura.
The ice dragon roars deafeningly!
You slash the ice dragon!
The ice dragon is no longer distracted by gold.
The ice dragon is almost dead.
The stone giant is no longer distracted by gold.
You block the ice dragon's attack.
The ice dragon claws you but does no damage.
The ice dragon tramples you but does no damage.
You barely miss the ice dragon.
The ice dragon is almost dead.
The ice dragon bites you but does no damage.
The ice dragon claws you!
The ice dragon tramples you but does no damage.
You closely miss the ice dragon.
The ice dragon is almost dead.
You cut the ice dragon into ribbons!!!
You kill the ice dragon!
The stone giant is distracted by your dazzling golden aura.
The stone giant shouts!
You slice the stone giant!!
You headbutt the stone giant, but do no damage.
The stone giant is moderately wounded.
The stone giant hits you but does no damage.
The stone giant is distracted by your dazzling golden aura.
The stone giant shouts!
You slash the stone giant! You headbutt the stone giant.
The stone giant is heavily wounded.
You slice the stone giant!!
You headbutt the stone giant, but do no damage.
The stone giant is almost dead.
The stone giant is no longer distracted by gold. x2
The stone giant hits you!
* * * LOW HITPOINT WARNING * * *
You slice the stone giant like a ripe choko!!!
You kill the stone giant!
The stone giant throws a large rock.
The large rock hits you!!!
You die...
Your body crumbles into a pile of gold.

▓.▓.▓.▓.▓.▓.▓
▓.▓.▓.▓.▓∩▓.▓.▓
▓.▓.▓.▓.▓.▓.▓.▓
▓.▓.▓'▓.▓∩▓.▓.▓
▓.▓.▓.▓)▓.▓.▓u▓
▓.▓.▓=▓.▓∩▓.▓C▓
▓)▓.▓.▓.▓.▓.▓C▓
▓.▓.▓?▓.▓∩▓.▓$▓
▓.▓.▓.▓.▓.▓.▓@▓
▓.▓.▓.▓.▓∩▓.▓$▓
▓.▓.▓.▓.▓.▓.▓$▓
▓[▓.▓.▓.▓∩▓.▓$▓
▓[▓.▓.▓.▓.▓.▓$▓
▓)▓.▓.▓.▓.▓.▓$▓
▓?▓.▓.▓.▓.▓.▓$▓
▓!▓.▓.▓.▓.▓.▓$▓
▓'▓.▓'▓.▓!▓.▓.▓


You could see a cyan very ugly thing and 2 stone giants.

Vanquished Creatures
  A tengu reaver (D)
  A stone giant (D)
  A dire elephant (D)
  An ice dragon (D)
  Erica (D)
  4 centaur warriors (D)
  2 two-headed ogres (D)
  A skyshark (D)
  10 orc knights (D)
  A flayed ghost (D)
  A deep elf pyromancer (D)
  2 cyclopes (D)
  An ugly thing (D)
  8 elephants (D)
  A gargoyle (D)
  2 cane toads (D)
  An efreet (D)
  2 komodo dragons (D)
  A troll (D)
  2 blink frogs (D)
  A wyvern (D)
  2 basilisks (D)
  2 yaks (D)
  A vampire mosquito (D)
  An acid dragon (D)
  4 water moccasins (D)
  16 orc warriors (D)
  2 wolves (D)
  3 bullfrogs (D)
  A scorpion (D)
  2 orc priests (D)
  2 orc wizards (D)
  2 adders (D)
  An ufetubus (D)
  10 orcs (D)
  A bat (D)
  2 hobgoblins (D)
  A ball python (D)
  A rat (D)
99 creatures vanquished.

Notes
Turn   | Place    | Note
-------+----------+-------------------------------------------
     0 | D        | Heoruswealwe the Minotaur Fighter began the quest for the
                  | Orb.
     0 | D        | Reached XP level 1. HP: 19/19 MP: 0/0
     8 | D        | Reached skill level 3 in Polearms
    19 | D        | Noticed a scorpion
    20 | D        | Killed a scorpion
    21 | D        | Reached skill level 5 in Fighting
    21 | D        | Reached skill level 6 in Polearms
    21 | D        | Reached skill level 5 in Armour
    21 | D        | Reached XP level 2. HP: 27/30 MP: 1/1
    21 | D        | Reached XP level 3. HP: 33/37 MP: 2/2
    30 | D        | Reached skill level 7 in Polearms
    30 | D        | Reached XP level 4. HP: 41/44 MP: 3/3
    41 | D        | Found a snail-covered altar of Cheibriados.
    41 | D        | Found a shadowy altar of Dithmenos.
    41 | D        | Found a white marble altar of Elyvilon.
    41 | D        | Found a blossoming altar of Fedhas.
    41 | D        | Found an opulent altar of Gozag.
    42 | D        | Found a hazy altar of Hepliaklqana.
    43 | D        | Found a viscous altar of Jiyva.
    44 | D        | Found an ancient bone altar of Kikubaaqudgha.
    45 | D        | Found a corrupted altar of Lugonu.
    46 | D        | Found a burning altar of Makhleb.
    47 | D        | Found a sparkling altar of Nemelex Xobeh.
    48 | D        | Found an iron altar of Okawaru.
    49 | D        | Became a worshipper of Gozag Ym Sagoz the Greedy
    50 | D        | Found a stormy altar of Qazlal.
    51 | D        | Found a sacrificial altar of Ru.
    52 | D        | Found a shimmering blue altar of Sif Muna.
    53 | D        | Found a bloodstained altar of Trog.
    54 | D        | Found a hide-covered altar of Uskayaw.
    55 | D        | Found a radiant altar of Vehumet.
    56 | D        | Found an ornate altar of the Wu Jian Council.
    57 | D        | Found a shimmering altar of Xom.
    58 | D        | Found a basalt altar of Yredelemnul.
    59 | D        | Found a glowing silver altar of Zin.
    60 | D        | Found a glowing golden altar of the Shining One.
   109 | D        | Noticed an acid dragon
   109 | D        | Noticed a komodo dragon
   109 | D        | Noticed a wyvern
   109 | D        | Noticed a two-headed ogre
   109 | D        | Noticed a yak
   117 | D        | Killed a yak
   118 | D        | Reached skill level 10 in Polearms
   118 | D        | Reached XP level 5. HP: 35/53 MP: 4/4
   131 | D        | Killed a two-headed ogre
   132 | D        | Reached skill level 10 in Fighting
   132 | D        | Reached skill level 14 in Polearms
   132 | D        | Reached skill level 10 in Armour
   132 | D        | Reached XP level 6. HP: 39/67 MP: 5/5
   132 | D        | Reached XP level 7. HP: 42/73 MP: 6/6
   136 | D        | Killed a wyvern
   142 | D        | Killed a komodo dragon
   143 | D        | Reached skill level 15 in Polearms
   143 | D        | Reached XP level 8. HP: 22/82 MP: 7/7
   348 | D        | Noticed a troll
   348 | D        | Noticed a centaur warrior
   348 | D        | Noticed a gargoyle
   348 | D        | Noticed a centaur warrior
   348 | D        | Noticed an efreet
   348 | D        | Noticed a two-headed ogre
   355 | D        | Killed a two-headed ogre
   356 | D        | Reached skill level 16 in Polearms
   360 | D        | Killed an efreet
   361 | D        | Reached skill level 17 in Polearms
   361 | D        | Reached XP level 9. HP: 44/92 MP: 8/8
   367 | D        | Killed a centaur warrior
   371 | D        | Killed a gargoyle
   372 | D        | Reached skill level 18 in Polearms
   377 | D        | Killed a centaur warrior
   382 | D        | Killed a troll
   383 | D        | Reached skill level 19 in Polearms
   726 | D        | Noticed a komodo dragon
   731 | D        | Noticed a cane toad
   734 | D        | Killed a komodo dragon
   735 | D        | Reached XP level 10. HP: 104/104 MP: 9/9
   769 | D        | Killed a cane toad
   770 | D        | Reached skill level 15 in Fighting
   770 | D        | Reached skill level 20 in Polearms
   770 | D        | Reached skill level 15 in Armour
   835 | D        | Noticed an elephant
   835 | D        | Noticed a skyshark
   835 | D        | Noticed a cane toad
   845 | D        | Killed a cane toad
   848 | D        | Killed a skyshark
   852 | D        | Killed an elephant
   853 | D        | Reached skill level 21 in Polearms
   949 | D        | Noticed an elephant
   949 | D        | Noticed an elephant
   949 | D        | Noticed an elephant
   949 | D        | Noticed a dire elephant
   949 | D        | Noticed an elephant
   949 | D        | Noticed an elephant
   963 | D        | Killed a dire elephant
   964 | D        | Killed an elephant
   965 | D        | Reached XP level 11. HP: 70/114 MP: 10/10
   973 | D        | Reached skill level 22 in Polearms
  1157 | D        | Noticed Erica
  1169 | D        | Killed Erica
  1170 | D        | Reached skill level 23 in Polearms
  1298 | D        | Noticed an orc knight
  1316 | D        | Killed an orc knight
  1390 | D        | Noticed an orc knight
  1417 | D        | Killed an orc knight
  1422 | D        | Noticed an orc knight
  1444 | D        | Killed an orc knight
  1445 | D        | Reached skill level 24 in Polearms
  1665 | D        | Found Teagoh Kaom's Assorted Antiques.
  1665 | D        | Noticed an orc knight
  1665 | D        | Noticed an orc knight
  1671 | D        | Noticed an orc knight
  1674 | D        | Killed an orc knight
  1679 | D        | Killed an orc knight
  1695 | D        | Killed an orc knight
  1858 | D        | Found Neplurghu's Antique Weapon Shop.
  1862 | D        | Found Fanwadi's Assorted Antiques.
  1866 | D        | Found Extiggim's Antique Weapon Shop.
  1868 | D        | Noticed an orc knight
  1869 | D        | Noticed an orc knight
  1870 | D        | Noticed an orc knight
  1870 | D        | Noticed an orc knight
  1884 | D        | Killed an orc knight
  1891 | D        | Killed an orc knight
  1892 | D        | Reached XP level 12. HP: 64/128 MP: 11/11
  1897 | D        | Reached skill level 25 in Polearms
  2207 | D        | Bought a potion of heal wounds for 100 gold pieces
  2207 | D        | Bought an onyx ring for 100 gold pieces
  2207 | D        | Bought a piece from Xom's chessboard (15/15) for 400 gold
                  | pieces
  2207 | D        | Bought a notched ivory ring for 100 gold pieces
  2207 | D        | Bought a scroll labelled ISACUENULI for 20 gold pieces
  2207 | D        | Bought a runed mace for 120 gold pieces
  2207 | D        | Bought a scroll labelled TAIHIY EMIEJ for 20 gold pieces
  2207 | D        | Bought a scroll of identify for 40 gold pieces
  2211 | D        | Bought a scroll labelled ISACUENULI for 25 gold pieces
  2211 | D        | Bought 2 silvery potions for 45 gold pieces
  2211 | D        | Bought a scroll of identify for 50 gold pieces
  2211 | D        | Bought a scroll labelled FOTURU ARER for 25 gold pieces
  2211 | D        | Bought a scroll of blinking for 187 gold pieces
  2217 | D        | Bought the +16 obsidian axe {drain, demonic, Mesm Drain Fly
                  | SInv} for 2087 gold pieces
  2217 | D        | Found the +16 obsidian axe {drain, demonic, Mesm Drain Fly
                  | SInv}
  2253 | D        | Bought a potion of lignification for 57 gold pieces
  2253 | D        | Bought a potion of heal wounds for 95 gold pieces
  2253 | D        | Bought a potion of curing for 57 gold pieces
  2253 | D        | Bought a scroll of identify for 38 gold pieces
  2290 | D        | Bought a scroll of enchant weapon for 232 gold pieces
  2290 | D        | Bought a scroll of identify for 62 gold pieces
  2290 | D        | Bought a phantom mirror for 1240 gold pieces
  2290 | D        | Bought a scroll of identify for 62 gold pieces
  2290 | D        | Bought a lumpy beryl amulet for 155 gold pieces
  2539 | D        | Noticed a centaur warrior
  2542 | D        | Noticed a centaur warrior
  2553 | D        | Killed a centaur warrior
  2556 | D        | Noticed a tengu reaver
  2564 | D        | Noticed an ice dragon
  2567 | D        | Noticed a stone giant
  2568 | D        | Killed a centaur warrior
  2569 | D        | Noticed a stone giant
  2572 | D        | Noticed a stone giant
  2575 | D        | Noticed a cyan very ugly thing
  2582 | D        | Killed a tengu reaver
  2583 | D        | Reached skill level 26 in Polearms
  2594 | D        | Killed an ice dragon
  2598 | D        | Killed a stone giant
  2598 | D        | Hit by a large rock thrown by a stone giant

Illustrated notes

Levels and vault maps discovered:
D:        linesprint [early_d, line_temple, items_1, d_10, items_2, lair_1,
          lair_end, items_3, orc_1, orc_end, items_4, d_15, swamp_1, shoals_1,
          snake_1, spider_1, d_20, vaults_1, items_5, swamp_end, shoals_end,
          snake_end, spider_end, vaults_end, d_27, items_6, zot_1, zot_end,
          crypt_end, forest_end, elf_end, slime_end, tomb_end, abyss_end,
          pan_hell_end]

Skill      XL: |  1  2  3  4  5  6  7  8  9 10 11 12 |
---------------+-------------------------------------+-----
Polearms       | 6 7 10 14 15 17 19 21 24 26 | 26.5
Fighting       | 5 8 10 11 12 14 16 18 19 | 19.8
Armour         | 5 8 10 11 12 14 16 18 19 | 19.8
Shields        | |  3.6

Action                     |  1- 3 |  4- 6 |  7- 9 | 10-12 || total
---------------------------+-------+-------+-------+-------++-------
  Melee: Trident           |    17 |     6 |       |       ||    23
         Halberd           |       |    19 |    58 |   213 ||   290
         Headbutt          |       |     1 |    14 |    59 ||    74
         Bardiche          |       |       |       |    51 ||    51
 Invoke: Call Merchant     |       |       |       |     3 ||     3
    Use: Potion            |       |     3 |       |     3 ||     6
         Scroll            |       |       |       |    10 ||    10
   Stab: Distracted        |       |       |       |     2 ||     2
 Armour: Scale mail        |    10 |     2 |       |       ||    12
         Plate armour      |       |     9 |    29 |    60 ||    98
         Shadow dragon sca |       |       |       |    26 ||    26
  Dodge: Dodged            |    10 |     6 |    17 |    56 ||    89
  Block: Buckler           |     5 |     1 |       |       ||     6
         Other             |       |       |       |     6 ||     6
